 Dungeon Crawl Stone Soup version 0.30-a0-870-gc5d4c5acee (webtiles) character file.

Game seed: 5439188370632654694

231 Grim the Vexing (level 6, -3/47 HPs)
             Began as a Gnoll Hexslinger on Mar 11, 2023.
             Slain by an iron imp (5 damage)
             ... summoned by Natasha
             ... on level 3 of the Dungeon.
             The game lasted 00:05:24 (2191 turns).

Grim the Vexing (Gnoll Hexslinger)                  Turns: 2191, Time: 00:05:25

Health: -3/47      AC:  5    Str: 10 (12) XL:     6   Next: 3%
Magic:  11/11      EV: 13    Int: 10 (12) God:
Gold:   145        SH:  5    Dex: 10 (12) Spells: 7/11 levels left

rFire   . . .      SeeInvis .    b - +0 morningstar
rCold   . . .      Faith    .    (no shield)
rNeg    . . .      Spirit   .    c - +0 robe
rPois   .          Reflect  +    (no helmet)
rElec   .          Rampage  .    (no cloak)
rCorr   .                        (no gloves)
Will    .....                    n - +2 pair of boots
Stlth   ++                       m - amulet of reflection
HPRegen 0.27/turn                (no ring)
MPRegen 0.12/turn                (no ring)

@: slowed, very slow
A: fangs 1, strong nose, distributed training
a: no special abilities


You were on level 3 of the Dungeon.
You visited 1 branch of the dungeon, and saw 3 of its levels.

You collected 145 gold pieces.

Inventory:

Hand Weapons
 a - a +1 sling
 b - a +0 morningstar (weapon)
Missiles
 r - 2 throwing nets
Armour
 c - a +0 robe (worn)
 n - a +2 pair of boots (worn)
Jewellery
 l - an amulet of regeneration
 m - an amulet of reflection (around neck)
Scrolls
 d - 5 scrolls of teleportation {unknown}
 e - a scroll of vulnerability {unknown}
 f - 4 scrolls of identify {unknown}
 h - 2 scrolls of immolation
 j - 2 scrolls of enchant armour {unknown}
 o - a scroll of poison
 p - 2 scrolls of butterflies {unknown}
 q - 2 scrolls of enchant weapon {unknown}
Potions
 k - a potion of magic {unknown}


   Skills:
 + Level 3.1 Fighting
 + Level 1.8 Short Blades
 + Level 1.8 Long Blades
 + Level 1.8 Axes
 + Level 1.8 Maces & Flails
 + Level 1.8 Polearms
 + Level 1.8 Staves
 + Level 4.9 Ranged Weapons
 + Level 1.8 Throwing
 + Level 1.8 Armour
 + Level 4.9 Dodging
 + Level 1.8 Stealth
 + Level 1.8 Shields
 + Level 1.8 Unarmed Combat
 + Level 3.3 Spellcasting
 + Level 1.4 Conjurations
 + Level 5.6 Hexes
 + Level 1.4 Summonings
 + Level 1.4 Necromancy
 + Level 1.4 Translocations
 + Level 1.4 Transmutations
 + Level 1.4 Fire Magic
 + Level 1.4 Ice Magic
 + Level 1.4 Air Magic
 + Level 1.4 Earth Magic
 + Level 1.4 Poison Magic
 + Level 2.0 Invocations
 + Level 1.8 Evocations


You had 7 spell levels left.
You knew the following spells:

 Your Spells              Type           Power      Damage    Failure   Level
a - Slow                  Hex            48%        N/A       2%          1
b - Inner Flame           Hex/Fire       8%         N/A       19%         3

Your spell library contained the following spells:

 Spells                   Type           Power      Damage    Failure   Level
 Portal Projectile        Hex/Tloc       16%        N/A       19%         3
 Cause Fear               Hex            6%         N/A       26%         4


Dungeon Overview and Level Annotations

Branches:
Dungeon (3/15)

Altars:
Vehumet

Annotations:
D:3 Natasha


Innate Abilities, Weirdness & Mutations

You have very sharp teeth.
Your uncanny sense of smell can sniff out nearby items.
Your experience applies equally to all skills.


Message History

Natasha misses you. The iron imp barely misses you. Natasha claws you!
* * * LOW HITPOINT WARNING * * *
You block the iron imp's attack.
You hit Natasha but do no damage.
Natasha is severely wounded.
Natasha casts a spell at you.
You feel as though you will be slow longer.
You block the iron imp's attack. Natasha misses you.
The iron imp closely misses you.
You barely miss Natasha.
Natasha is severely wounded.
Natasha barely misses you. x2; The iron imp barely misses you.
You barely miss Natasha.
Natasha is severely wounded.
Natasha stares at you and mumbles some strange words.
The magic dart hits you.
* * * LOW HITPOINT WARNING * * *
The iron imp hits you.
* * * LOW HITPOINT WARNING * * *
You block Natasha's attack. The iron imp hits you.
* * * LOW HITPOINT WARNING * * *
You hit Natasha. You bite Natasha, but do no damage.
Natasha is severely wounded.
Natasha claws you but does no damage. Natasha casts a spell at you.
You resist with some effort. The iron imp barely misses you. Natasha claws you!
* * * LOW HITPOINT WARNING * * *
Unknown command.
Really read the scroll of poison?
The air fills with toxic fumes!
As you read the scroll of poison, it crumbles to dust.
The iron imp barely misses you. Natasha claws you.
* * * LOW HITPOINT WARNING * * *
The iron imp barely misses you.
Unknown command.
It was a potion of degeneration.
There was something very wrong with that liquid.
You feel weakened.
You feel dopey.
You feel clumsy. Natasha barely misses you. The iron imp hits you.
You die...

## #.#.#.#######..#...#
.# #.#§#§#####....###.#
.# #.#§§§§§....##...#.#
.###
#.#§#§§§..######.#.####
...## #.##§§§##§#
#.#.##.. ....#
#.#§§§§§#§# #.#.#...
....# ##§#§§§§§§§#
#.#....# ....##
##§§§§§§§§### #...#.##
.....####...#§§h@##
###.#...
.......)#...#§§§5#
#....###
....###.#...#§§§§#
####.#....# ....#
#>..#.#§§§§#
#....##.#.# ....#
#.#.#.#§§§§#
#.##......# ....#
#...#.#§§§§#
#.##.##.### ....#
#####.§§§§§§
#....##.... #####
#§§§§§§ ###########


You could see an iron imp (summoned) and Natasha.

Vanquished Creatures
  A hound (D:2)
  2 orc wizards (D:3)
  Natasha (D:3)
  4 adders
  3 worms (D:2)
  2 dart slugs (D:1)
  7 orcs
  16 endoplasms
  A giant cockroach (D:1)
  A goblin (D:1)
  6 hobgoblins
  4 kobolds
  4 quokkas
  7 ball pythons
  3 bats
  3 frilled lizards
  8 rats
73 creatures vanquished.

Notes
Turn   | Place    | Note
-------+----------+-------------------------------------------
     0 | D:1      | Grim the Gnoll Hexslinger began the quest for the Orb.
     0 | D:1      | Reached XP level 1. HP: 17/17 MP: 4/4
   175 | D:1      | Reached XP level 2. HP: 23/23 MP: 5/5
   423 | D:1      | Reached XP level 3. HP: 27/28 MP: 7/7
   709 | D:1      | Learned a level 3 spell: Inner Flame
   716 | D:1      | Reached skill level 1 in Invocations
   763 | D:2      | Reached skill level 1 in Short Blades
   763 | D:2      | Reached skill level 1 in Long Blades
   763 | D:2      | Reached skill level 1 in Axes
   763 | D:2      | Reached skill level 1 in Maces & Flails
   763 | D:2      | Reached skill level 1 in Polearms
   763 | D:2      | Reached skill level 1 in Staves
   763 | D:2      | Reached skill level 1 in Throwing
   763 | D:2      | Reached skill level 1 in Armour
   763 | D:2      | Reached skill level 1 in Stealth
   763 | D:2      | Reached skill level 1 in Shields
   763 | D:2      | Reached skill level 1 in Unarmed Combat
   763 | D:2      | Reached skill level 1 in Evocations
   763 | D:2      | Reached XP level 4. HP: 34/34 MP: 6/8
  1047 | D:2      | Reached skill level 1 in Conjurations
  1047 | D:2      | Reached skill level 1 in Summonings
  1047 | D:2      | Reached skill level 1 in Necromancy
  1047 | D:2      | Reached skill level 1 in Translocations
  1047 | D:2      | Reached skill level 1 in Transmutations
  1047 | D:2      | Reached skill level 1 in Fire Magic
  1047 | D:2      | Reached skill level 1 in Ice Magic
  1047 | D:2      | Reached skill level 1 in Air Magic
  1047 | D:2      | Reached skill level 1 in Earth Magic
  1047 | D:2      | Reached skill level 1 in Poison Magic
  1173 | D:2      | Found a radiant altar of Vehumet.
  1586 | D:3      | Reached XP level 5. HP: 35/40 MP: 9/9
  1608 | D:3      | Found a faded altar of an unknown god.
  1662 | D:3      | Noticed Natasha
  1675 | D:3      | Killed Natasha
  1939 | D:3      | HP: 3/61 [something (3)]
  2040 | D:3      | Reached XP level 6. HP: 40/47 MP: 11/11
  2169 | D:3      | Noticed Natasha
  2190 | D:3      | HP: 1/47 [Natasha (5)]
  2191 | D:3      | Slain by an iron imp

Illustrated notes

Levels and vault maps discovered:
D:1:      tarquinn_simple_flora_water_b, layout_loops_ring,
          minmay_stone_trees_small
D:2:      layout_basic, basic_altar
D:3:      layout_basic, hellmonk_ecumenical_altar_blasted, uniq_natasha

Skill      XL: |  1  2  3  4  5 |
---------------+----------------+-----
Invocations    | 1 2 |  2.0
Short Blades   | 1 |  1.8
Long Blades    | 1 |  1.8
Axes           | 1 |  1.8
Maces & Flails | 1 |  1.8
Polearms       | 1 |  1.8
Staves         | 1 |  1.8
Throwing       | 1 |  1.8
Armour         | 1 |  1.8
Stealth        | 1 |  1.8
Shields        | 1 |  1.8
Unarmed Combat | 1 |  1.8
Evocations     | 1 |  1.8
Spellcasting   | 3 |  3.3
Conjurations   | 1 |  1.4
Summonings     | 1 |  1.4
Necromancy     | 1 |  1.4
Translocations | 1 |  1.4
Transmutations | 1 |  1.4
Fire Magic     | 1 |  1.4
Ice Magic      | 1 |  1.4
Air Magic      | 1 |  1.4
Earth Magic    | 1 |  1.4
Poison Magic   | 1 |  1.4
Fighting       | 3 |  3.1
Ranged Weapons | |  4.9
Dodging        | |  4.9
Hexes          | |  5.6

Action                     |  1- 3 |  4- 6 || total
---------------------------+-------+-------++-------
  Melee: Morningstar       |       |    59 ||    59
         Bite              |       |     4 ||     4
         Punch             |       |     1 ||     1
   Fire: Sling             |    91 |   167 ||   258
   Cast: Slow              |     3 |     4 ||     7
    Use: Potion            |       |     3 ||     3
         Scroll            |       |     1 ||     1
 Armour: Robe              |     4 |    48 ||    52
  Dodge: Dodged            |    14 |    73 ||    87
  Block: Other             |       |    23 ||    23

Table legend: (Time is in decaauts)
 A = Elapsed time spent in this place.
 B = Non-inter-level travel time spent in this place.
 C = Inter-level travel time spent in this place.
 D = Time resting spent in this place.
 E = Time spent auto-exploring this place.
 F = Levels seen in this place.
 G = Mean time per level.
                   A        B        C        D        E       F      G
               +--------+--------+--------+--------+--------+-----+--------+
         Total |   2266 |   2219 |     47 |    318 |   1314 |   3 |  755.3 |
       Dungeon |   2266 |   2219 |     47 |    318 |   1314 |   3 |  755.3 |
               +--------+--------+--------+--------+--------+-----+--------+

Top non-repeatable levels by time:
     D:3: 872 daAuts
     D:1: 767 daAuts
     D:2: 627 daAuts
